 Dungeon Crawl Stone Soup version 0.31.0-11-ge490571c62 (webtiles) character file.

Game seed: 7648449741903106804

637 qw the Skirmisher (level 7, 0/40 HPs)
             Began as a Deep Elf Hunter on Feb 3, 2024.
             Killed from afar by a white imp (6 damage)
             ... with a puff of frost
             ... summoned by Eustachio
             ... on level 5 of the Dungeon.
             The game lasted 00:00:24 (3814 turns).

qw the Skirmisher (Deep Elf Hunter)                 Turns: 3814, Time: 00:00:25

Health: 0/40       AC:  8    Str: 10    XL:     7   Next: 25%
Magic:  9/9        EV: 11    Int: 14    God:
Gold:   266        SH:  0    Dex: 18    Spells: 6/6 levels left

rFire   + . .        a - +0 shortbow (freeze)
rCold   . . .        (shield currently unavailable)
rNeg    . . .        b - +0 ring mail
rPois   .            f - +2 helmet
rElec   .            (no cloak)
rCorr   .            (no gloves)
SInv    .            (no boots)
Will    +....        (no amulet)
Stlth   +            d - ring of protection from fire
HPRegen 0.26/turn    h - ring of willpower
MPRegen 0.11/turn

%: no passive effects
@: about to teleport
A: no striking features
a: no special abilities


You were on level 5 of the Dungeon.
You visited 2 branches of the dungeon, and saw 6 of its levels.
You also visited: Sewer.

You collected 266 gold pieces.


   Skills:
 - Level 2.0 Fighting
 + Level 11.0 Ranged Weapons
 - Level 1.0 Armour
 - Level 3.0 Dodging
 - Level 1.2 Stealth


You had 6 spell levels left.
You didn't know any spells.
Your spell library was empty.

Inventory:

Hand Weapons
 a - a +0 shortbow of freezing (weapon)
Armour
 b - a +0 ring mail (worn)
 f - a +2 helmet (worn)
Jewellery
 d - a ring of protection from fire (left hand)
 h - a ring of willpower (right hand)
Wands
 k - a wand of charming (9)
Potions
 c - 3 potions of curing
 g - a potion of heal wounds
 i - a potion of mutation
 j - a potion of might {unknown}

Dungeon Overview and Level Annotations

Branches:
Dungeon (5/15)             Temple (1/1) D:4           Sewer (visited)

Altars:
Ashenzari
Cheibriados
Dithmenos
Elyvilon
Gozag
Hepliaklqana
Kikubaaqudgha
Makhleb
Nemelex Xobeh
Qazlal
Ru
Sif Muna
Trog
Uskayaw
Vehumet
Wu Jian
Xom
Yredelemnul
Zin
The Shining One

Shops:
D:1 [

Annotations:
D:2 1 runed translucent door, Crazy Yiuf
D:5 Eustachio


Message History

The arrow barely misses the crimson imp.
The rat barely misses you. The crimson imp misses you.
The rat bites you but does no damage.
You shoot an arrow. The rat squeaks loudly.
The arrow hits the crimson imp.
The arrow freezes the crimson imp.
The crimson imp is severely wounded.
The crimson imp barely misses you.
Eustachio casts a spell.
The rat bites you but does no damage.
You shoot an arrow. The arrow hits the crimson imp.
The arrow freezes the crimson imp.
The crimson imp is severely wounded.
The crimson imp closely misses you. The rat bites you.
You shoot an arrow. The arrow hits the crimson imp.
The arrow freezes the crimson imp.
You kill the crimson imp!
The crimson imp disappears in a puff of smoke!
The ufetubus barely misses you.
The ufetubus hits you but does no damage.
Eustachio gestures wildly while chanting.
The rat barely misses you.
You shoot an arrow.
The arrow hits the ufetubus but does no damage.
The ufetubus slips past you! The ufetubus barely misses you.
The ufetubus hits you but does no damage.
The ufetubus barely misses you. The ufetubus hits you.
You shoot an arrow.
The arrow closely misses the crimson imp.
The ufetubus misses you. The ufetubus closely misses you.
The rat bites you but does no damage.
The crimson imp blinks!
The white imp hits you. The white imp freezes you.
The rat bites you but does no damage. The ufetubus barely misses you.
The ufetubus hits you but does no damage.
3814 ||| READING scroll of teleportation.
As you read the scroll of teleportation, it crumbles to dust.
You feel strangely unstable. The white imp gestures at you.
The puff of frost hits you.
You die...

#$.. #... # ###...##.
...%..#.. ......#
#....# .. .###..ยค5#
....#......##@#
....#. # #.r5###
......##.##rb@..#
......#.##...#.......
........#...##....###
..........### ....#
.........###.......#
.......<...........#
....................#


You could see Eustachio, a white imp (summoned), an ufetubus (summoned), a bat
(summoned) and 2 rats.

Vanquished Creatures
  Sigmund (D:3)
  A scorpion (D:4)
  A bullfrog (Sewer)
  A sleepcap (D:4)
  An iguana (D:4)
  A gnoll (D:1)
  14 adders
  A river rat (D:4)
  6 dart slugs (Sewer)
  6 ribbon worms
  5 orcs (D:4)
  12 endoplasms
  23 giant cockroaches
  A goblin (D:1)
  11 hobgoblins
  3 quokkas
  6 ball pythons
  7 bats
  11 frilled lizards
  3 kobolds
  9 rats
124 creatures vanquished.

Notes
Turn   | Place    | Note
-------+----------+-------------------------------------------
     0 | D:1      | qw the Deep Elf Hunter began the quest for the Orb.
     0 | D:1      | Reached XP level 1. HP: 12/12 MP: 3/3
     0 | D:1      | 0 ||| qw: Version: 0.3-a-155-g5e7d8dd
     0 | D:1      | 0 ||| qw: Game counter: 3395
     0 | D:1      | 0 ||| qw: Melee chars always use a shield: true
     0 | D:1      | 0 ||| qw: God list: Okawaru
     0 | D:1      | 0 ||| qw: Allow faded altars: false
     0 | D:1      | 0 ||| qw: Do Orc after clearing Dungeon:15 true
     0 | D:1      | 0 ||| qw: Do second Lair branch before Depths: true
     0 | D:1      | 0 ||| qw: Lair rune preference: random
     0 | D:1      | 0 ||| qw: Goals: Normal
     0 | D:1      | 0 ||| PLANNING D:1-11
    41 | D:1      | Reached skill level 6 in Ranged Weapons
    41 | D:1      | Reached XP level 2. HP: 16/16 MP: 4/4
   153 | D:1      | You fall into a shaft and drop 1 floor!
   165 | D:2      | Reached XP level 3. HP: 20/20 MP: 5/5
   238 | D:2      | 238 ||| UPGRADING to ring of protection from fire.
   239 | D:2      | 239 ||| READING scroll labelled SAHOVO QO RITE.
   239 | D:2      | 239 ||| IDENTIFYING scroll labelled SAOCET OTICITU
   240 | D:2      | 240 ||| READING scroll labelled YDOMAZOVYW.
   241 | D:2      | 241 ||| DROPPING scroll of butterflies.
   242 | D:2      | 242 ||| DROPPING scroll of fog.
   541 | D:1      | Found Lapya's Antique Armour Shoppe.
   552 | D:1      | 552 ||| SHOPLISTING glowing cloak (157 gold, have 43).
   552 | D:1      | 552 ||| SHOPLISTING pitted scale mail (189 gold, have 43).
   552 | D:1      | 552 ||| SHOPLISTING ring mail (84 gold, have 43).
   552 | D:1      | 552 ||| SHOPLISTING scale mail (84 gold, have 43).
   630 | D:1      | Reached skill level 7 in Ranged Weapons
  1078 | D:1      | 1078 ||| UPGRADING to +0 ring mail.
  1088 | D:1      | 1088 ||| DROPPING +0 leather armour.
  1089 | D:1      | 1089 ||| UPGRADING to +1 hat.
  1094 | D:1      | 1094 ||| UPGRADING to +1 helmet.
  1104 | D:1      | 1104 ||| DROPPING +1 hat.
  1349 | D:2      | Reached XP level 4. HP: 23/25 MP: 6/6
  1535 | D:2      | Found a runed translucent door.
  1536 | D:2      | Noticed Crazy Yiuf
  1615 | D:2      | 1615 ||| READING scroll of identify.
  1615 | D:2      | 1615 ||| IDENTIFYING 3 murky sapphire potions
  1616 | D:2      | 1616 ||| READING scroll labelled MOSAONU WUURPH.
  1617 | D:2      | 1617 ||| READING scroll labelled YSUCRO PEWU.
  1618 | D:2      | 1618 ||| READING scroll labelled CEKHLY BOENEE.
  1618 | D:2      | 1618 ||| BRANDING +0 shortbow.
  1619 | D:2      | 1619 ||| READING scroll labelled AXICAW TUIFAEN.
  1619 | D:2      | 1619 ||| ENCHANTING +1 helmet.
  1621 | D:2      | 1621 ||| Stepping ~*~*~tactically~*~*~ (cloud).
  1625 | D:2      | HP: 6/25 [poisoned by you (poison gas)]
  1886 | D:3      | Noticed Sigmund
  1893 | D:3      | Killed Sigmund
  1894 | D:3      | Reached skill level 9 in Ranged Weapons
  1894 | D:3      | Reached XP level 5. HP: 24/29 MP: 7/7
  1934 | D:3      | Reached XP level 6. HP: 35/35 MP: 8/8
  2056 | D:3      | Found a broken altar of Ashenzari.
  2508 | D:3      | 2508 ||| UPGRADING to ring of willpower.
  2509 | D:3      | 2509 ||| READING scroll labelled IPTU TODOMEONI.
  2562 | D:4      | 2562 ||| PLANNING SEWER
  2633 | D:4      | Reached skill level 10 in Ranged Weapons
  2724 | D:4      | Found a staircase to the Ecumenical Temple.
  2841 | D:4      | Reached skill level 3 in Dodging
  3070 | D:4      | Reached skill level 1 in Armour
  3144 | D:4      | Found a glowing drain.
  3145 | D:4      | 3145 ||| READING 2 scrolls of identify.
  3145 | D:4      | 3145 ||| IDENTIFYING puce potion
  3146 | D:4      | 3146 ||| READING scroll of identify.
  3146 | D:4      | 3146 ||| IDENTIFYING murky dark potion
  3147 | D:4      | 3147 ||| DRINKING 2 glowing yellow potions.
  3148 | D:4      | 3148 ||| DROPPING potion of attraction.
  3152 | Sewer    | Entered a sewer
  3200 | Sewer    | Reached XP level 7. HP: 40/40 MP: 9/9
  3362 | Sewer    | Reached skill level 11 in Ranged Weapons
  3585 | D:4      | 3585 ||| PLANNING TEMPLE
  3679 | Temple   | Entered the Ecumenical Temple
  3680 | Temple   | 3680 ||| PLANNING D:1-11
  3754 | D:5      | Entered Level 5 of the Dungeon
  3763 | D:5      | Noticed Eustachio
  3795 | D:5      | 3795 ||| RETREEEEATING.
  3796 | D:5      | 3796 ||| RETREEEEATING.
  3813 | D:5      | HP: 10/40 [white imp[Eustachio] (1)]
  3814 | D:5      | 3814 ||| READING scroll of teleportation.
  3814 | D:5      | Killed from afar by a white imp

Levels and vault maps discovered:
D:1:      wander_arrival_desolate, layout_basic, serial_shops, shop
D:2:      layout_basic, minmay_cupped, uniq_crazy_yiuf_cottage
D:3:      minmay_roachtagon, layout_basic, general_overflow_altar, uniq_sigmund
D:4:      layout_rooms, temple_doors_cd, gup_sewer_entry_spiral,
          hangedman_decor_slide_cut
D:5:      layout_layer_cave, uniq_eustachio
Temple:   hellmonk_temple_of_storms

Skill      XL: |  1  2  3  4  5  6  7 |
---------------+----------------------+-----
Ranged Weapons | 6 7 9 10 11 | 11.0
Fighting       | 2 |  2.0
Dodging        | 3 |  3.0
Armour         | 1 |  1.0
Stealth        | |  1.2

Action                     |  1- 3 |  4- 6 |  7- 9 || total
---------------------------+-------+-------+-------++-------
   Fire: Shortbow          |   116 |   180 |    94 ||   390
    Use: Scroll            |     2 |     8 |     1 ||    11
         Potion            |       |     1 |       ||     1
 Armour: Leather armour    |    13 |       |       ||    13
         Ring mail         |     1 |    45 |    69 ||   115
  Dodge: Dodged            |    16 |    40 |    52 ||   108

Table legend:
 A = Non-vault XP
 B = Vault XP
 C = Vault XP percentage of total XP
 D = Non-vault monster count
 E = Vault monster count
 F = Vault count percentage of total count
                 A         B        C        D         E       F
            +---------+---------+-------+---------+---------+-------
      Total |     361 |     549 |  60.3 |      71 |      53 |  42.7
            +---------+---------+-------+---------+---------+-------
        D:1 |      58 |       0 |   0.0 |      28 |       0 |   0.0
        D:2 |      54 |      17 |  23.9 |      17 |       3 |  15.0
        D:3 |      37 |     263 |  87.7 |       9 |      13 |  59.1
        D:4 |     208 |      52 |  20.0 |      16 |       7 |  30.4
        D:5 |       4 |       0 |   0.0 |       1 |       0 |   0.0
      Sewer |       0 |     217 | 100.0 |       0 |      30 | 100.0
            +---------+---------+-------+---------+---------+-------
